Knights vs Atomiques
Created - May 16, 2017 at 19:25
Goals
|
| Knights |
2 |
3 |
0 |
1 |
6 |
| Atomiques |
1 |
1 |
3 |
0 |
5 |
|
Shots
|
| Knights |
10 |
17 |
13 |
1 |
41 |
| Atomiques |
8 |
15 |
11 |
0 |
34 |
|
1st period
1. Knights , Zack Hamill 29 (Craig Adams 10) at 8:08
2. Atomiques , Tyler Brenner 33 (Dwight King 43, Alexander Sulzer 34) at 10:47
3. Knights , Craig Adams 9 (Jared Spurgeon 40, Kyle Clifford 39) at 12:56
Penalties :
Davis Drewiske (STB) for Tripping (Minor) at 14:08, Andrew Kozek (STB) for Hooking (Minor) at 18:50
2nd period
4. Knights , Zack Hamill 30 (Craig Adams 11) at 12:38
5. Knights , Chris Thorburn 41 (Michael Raffl 29) at 13:36
6. Atomiques , Dwight King 27 (Ryan Shannon 45, Mikael Backlund 75) at 14:54 (PP)
7. Knights , Chris Thorburn 42 (Joe Colborne 44, Jared Spurgeon 41) at 15:53
Penalties :
Joe Colborne (Lon) for Holding (Minor) at 7:15, Craig Adams (Lon) for High sticking (Minor) at 13:43, Branko Radivojevic (STB) for Diving (Minor) at 15:56
3rd period
8. Atomiques , John McCarthy 13 (Andrew Kozek 24, Kyle Wharton 28) at 18:07
9. Atomiques , Andrew Kozek 19 (Marc-André Cliche 35) at 18:10
10. Atomiques , Andrew Kozek 20 (Alex Berry 16) at 18:25
Penalties :
Ryan Shannon (STB) for Tripping (Minor) at 5:40, Andrew Kozek (STB) for Boarding (Minor) at 8:10, Craig Adams (Lon) for Interference (Minor) at 12:16, John McCarthy (STB) for Roughing (Minor) at 15:58
Overtime #1
11. Knights , Colton Gillies 1 (Jared Spurgeon 42, Chris Thorburn 41) at 1:28
Penalties :
No Penalty
Goalie Stats
Ben Scrivens (Lon), 29 saves from 34 shots - (0.853), W, 25-13-4, 61:28 minutes
Sergei Bobrovsky (STB), 18 saves from 23 shots - (0.783), 35:53 minutes
Jeremy Smith (STB), 17 saves from 18 shots - (0.944), OTL, 5-6-3, 25:35 minutes
Players Stats for Knights
Player Name G A P +/- PIM S H SB GA TA FO MP PP MP PK MP
------------------------------------------------------------------------------------
A.J. Jenks 0 0 0 -3 0 3 3 0 0 0 0/0 10:20 0:00 0:00
Brett Connolly 0 0 0 0 0 0 0 0 0 0 0/0 0:00 0:00 0:00
Chris Thorburn 2 1 3 1 0 6 1 1 0 1 1/1 20:02 5:14 2:58
Cody Almond 0 0 0 0 0 0 0 0 0 0 0/0 0:00 0:00 0:00
Cody Bass 0 0 0 0 0 3 2 0 0 0 2/5 8:50 0:00 1:47
Colton Gillies 1 0 1 1 0 1 0 0 0 0 0/0 2:00 0:26 0:00
Craig Adams 1 2 3 3 4 3 2 0 1 0 4/4 21:58 6:14 0:59
Jared Spurgeon 0 3 3 1 0 0 0 3 0 1 0/0 20:17 4:54 1:57
Joe Colborne 0 1 1 1 2 2 0 0 0 0 2/5 16:05 5:13 0:00
Jonathan Huberdeau 0 0 0 0 0 0 0 0 0 0 1/3 3:04 0:00 2:35
Josh Bailey 0 0 0 -3 0 3 1 0 1 0 9/13 10:43 0:00 0:23
Kevin Hayes 0 0 0 1 0 0 0 0 0 0 0/0 2:17 0:37 0:00
Kyle Clifford 0 1 1 3 0 2 4 0 2 0 2/5 21:22 6:07 1:26
Linden Vey 0 0 0 -3 0 1 0 0 0 0 0/0 11:24 0:23 0:00
Marco Scandella 0 0 0 0 0 2 1 1 1 1 0/0 28:57 7:00 3:12
Mark Stone 0 0 0 0 0 1 0 0 0 0 0/0 7:03 0:00 0:00
Michael Raffl 0 1 1 1 0 3 0 0 0 0 0/0 15:25 5:14 0:00
Michael Stone 0 0 0 0 0 0 0 0 0 0 0/0 3:23 0:00 0:00
Nikita Nikitin 0 0 0 1 0 1 0 2 1 0 0/0 20:17 4:54 1:57
Ronalds Kenins 0 0 0 0 0 2 1 0 0 0 0/0 7:03 0:00 0:00
Scott Jackson 0 0 0 1 0 0 0 1 0 0 0/0 8:51 0:00 0:00
Scott Lehman 0 0 0 1 0 0 0 0 0 1 0/0 8:51 0:00 0:00
Tomas Kundratek 0 0 0 0 0 1 1 0 0 1 0/0 28:57 7:00 3:12
Zach Trotman 0 0 0 0 0 0 0 0 0 0 0/0 3:23 0:00 0:00
Zack Hamill 2 0 2 3 0 7 2 0 0 1 19/30 20:08 6:14 0:10
Players Stats for Atomiques
Player Name G A P +/- PIM S H SB GA TA FO MP PP MP PK MP
------------------------------------------------------------------------------------
Alex Berry 0 1 1 1 0 1 1 0 0 0 1/1 8:50 0:05 0:00
Alexander Sulzer 0 1 1 1 0 3 1 4 1 1 0/0 27:28 2:19 6:46
Andrew Kozek 2 1 3 2 4 2 0 1 0 0 1/1 10:13 0:00 1:21
Anthony Nigro 0 0 0 -1 0 0 0 0 0 0 0/0 0:54 0:05 0:00
Bobby Farnham 0 0 0 -1 0 0 0 0 0 0 0/0 8:04 0:00 0:00
Branko Radivojevic 0 0 0 -2 2 3 2 2 0 0 5/10 22:28 3:00 5:37
Brett Sutter 0 0 0 -1 0 3 0 0 1 0 0/4 9:03 0:00 0:59
Colby Cohen 0 0 0 0 0 0 0 1 0 1 0/0 9:34 0:00 0:00
Davis Drewiske 0 0 0 -4 2 1 0 1 0 1 0/0 19:00 2:50 3:54
Dmitri Orlov 0 0 0 1 0 0 0 1 0 0 0/0 3:51 0:00 0:00
Dwight King 1 1 2 0 0 3 1 0 1 0 0/1 14:58 2:04 0:16
Eric Mestery 0 0 0 1 0 0 0 0 0 0 0/0 3:51 0:00 0:00
Freddie Hamilton 0 0 0 1 0 0 0 0 0 0 1/2 3:28 0:00 2:36
Fredrik Claesson 0 0 0 0 0 0 0 0 0 0 0/0 0:37 0:00 0:37
John McCarthy 1 0 1 0 2 1 0 0 1 0 0/0 8:13 0:00 0:00
Kenndal McArdle 0 0 0 -2 0 0 1 1 0 0 0/1 19:27 3:00 3:19
Kyle Wharton 0 1 1 -4 0 1 0 3 0 0 0/0 20:35 2:50 5:08
Mac Bennett 0 0 0 0 0 0 0 0 0 0 0/0 0:00 0:00 0:00
Marc-André Cliche 0 1 1 1 0 2 2 1 0 0 2/7 8:30 0:00 0:00
Mikael Backlund 0 1 1 -2 0 3 0 0 1 0 12/25 23:28 3:00 6:44
Mitch Callahan 0 0 0 -1 0 0 0 0 0 0 0/0 0:46 0:05 0:00
Roman Polak 0 0 0 0 0 1 0 0 0 1 0/0 10:31 0:00 0:37
Ryan Shannon 0 1 1 0 2 6 1 1 0 0 0/1 14:41 2:04 0:00
Shawn Belle 0 0 0 1 0 1 1 1 0 2 0/0 27:28 2:19 6:46
Tyler Brenner 1 0 1 0 0 3 1 1 1 0 4/13 17:54 2:04 2:56
3 Stars
1 - Zack Hamill (Lon)
2 - Chris Thorburn (Lon)
3 - Andrew Kozek (STB)
Power Play
Knights - 0 on 6 Attempt(s) - 0.00%
Atomiques - 1 on 3 Attempt(s) - 33.33%
Penalty Kill
Knights - 2 on 3 Attempt(s) - 66.67%
- Score 0 goal in Penalty Kill
Atomiques - 6 on 6 Attempt(s) - 100.00%
- Score 0 goal in Penalty Kill
Team Stat
Knights - Hits : 18 - Faceoff Wins : 40 - Blocked Shots : 8 - Penalty Minutes : 6
Atomiques - Hits : 11 - Faceoff Wins : 26 - Blocked Shots : 18 - Penalty Minutes : 12
Official
Referees : Walsh Ian and Jackson Dave
Linesman : Mike Cvik and Brian Mach
Game Notes
Jeremy Smith enters game at 15:53 of 2nd period
Finance
Level 1 -- Attendance: 1473 (73.65%) -- Ticket Income $51,555
Level 2 -- Attendance: 725 (72.50%) -- Ticket Income $10,875
Total Attendance: 2198 (73.27%)
Total Ticket Income: $62,430
Other Income: $3,122
Total Income: $65,552
Knights
5 vs 5 Forward
Center Left Wing Right Wing Time % Phy DF OF
1 Zack Hamill Kyle Clifford Craig Adams 40 1 2 2
2 Joe Colborne Michael Raffl Chris Thorburn 30 1 2 2
3 Josh Bailey A.J. Jenks Linden Vey 20 1 2 2
4 Cody Bass Ronalds Kenins Mark Stone 10 1 2 2
5 vs 5 Defense
Defense Defense Time % Phy DF OF
1 Marco Scandella Tomas Kundratek 40 1 2 2
2 Nikita Nikitin Jared Spurgeon 30 1 2 2
3 Scott Jackson Scott Lehman 20 1 2 2
4 Michael Stone Zach Trotman 10 1 2 2
PowerPlay Forward
Center Left Wing Right Wing Time % Phy DF OF
1 Zack Hamill Kyle Clifford Craig Adams 60 1 2 2
2 Joe Colborne Michael Raffl Chris Thorburn 40 1 2 2
PowerPlay Defense
Defense Defense Time % Phy DF OF
1 Marco Scandella Tomas Kundratek 60 1 2 2
2 Nikita Nikitin Jared Spurgeon 40 1 2 2
Penalty Kill 4 Players Forward
Center Wing Time % Phy DF OF
1 Craig Adams Chris Thorburn 60 1 2 2
2 Zack Hamill Kyle Clifford 40 1 2 2
Penalty Kill 4 Players Defense
Defense Defense Time % Phy DF OF
1 Marco Scandella Tomas Kundratek 60 1 2 2
2 Nikita Nikitin Jared Spurgeon 40 1 2 2
Penalty Kill - 3 Players Forward
Forward Time % Phy DF OF
1 Craig Adams 60 1 2 2
2 Chris Thorburn 40 1 2 2
Penalty Kill - 3 Players Defense
Defense Defense Time % Phy DF OF
1 Marco Scandella Tomas Kundratek 60 1 2 2
2 Nikita Nikitin Jared Spurgeon 40 1 2 2
4 vs 4 Forward
Center Wing Time % Phy DF OF
1 Craig Adams Chris Thorburn 60 1 2 2
2 Zack Hamill Kyle Clifford 40 1 2 2
4 vs 4 Defense
Defense Defense Time % Phy DF OF
1 Marco Scandella Tomas Kundratek 60 1 2 2
2 Nikita Nikitin Jared Spurgeon 40 1 2 2
Last Minutes Offensive
Center Left Wing Right Wing Defense Defense
Zack Hamill Kyle Clifford Craig Adams Marco Scandella Tomas Kundratek
Last Minutes Defensive
Center Left Wing Right Wing Defense Defense
Zack Hamill Kyle Clifford Craig Adams Marco Scandella Tomas Kundratek
Goaltenders
Starting : Ben Scrivens
Backup : Jeff Glass
Extra Forwards
Normal : Kevin Hayes, Colton Gillies, Jonathan Huberdeau - PP : Kevin Hayes, Colton Gillies - PK : Jonathan Huberdeau
Extra Defensemen
Normal : Scott Jackson, Scott Lehman, Michael Stone - PP : Scott Jackson - PK : Scott Lehman, Michael Stone
Penalty Shots
Craig Adams, Chris Thorburn, Zack Hamill, Kyle Clifford, Michael Raffl
Scratches
Ryan Nugent-Hopkins (Healthy), Carter Ashton (Healthy), Alan Quine (Healthy), Jordan Weal (Healthy), Matt Puempel (Healthy)
David Shields (Healthy), Ryan Button (Healthy), Travis Boyd (Healthy), Jordan Oesterle (Healthy), Aaron Palushaj (Healthy)
Patrick Wiercioch (Healthy), Connor Knapp (Healthy), Mark Dekanich (Healthy)
Atomiques
5 vs 5 Forward
Center Left Wing Right Wing Time % Phy DF OF
1 Mikael Backlund Kenndal McArdle Branko Radivojevic 40 1 2 2
2 Tyler Brenner Dwight King Ryan Shannon 30 1 2 2
3 Marc-André Cliche Andrew Kozek Alex Berry 20 1 2 2
4 Brett Sutter John McCarthy Bobby Farnham 10 1 2 2
5 vs 5 Defense
Defense Defense Time % Phy DF OF
1 Alexander Sulzer Shawn Belle 40 1 2 2
2 Davis Drewiske Kyle Wharton 30 1 2 2
3 Roman Polak Colby Cohen 20 1 2 2
4 Dmitri Orlov Eric Mestery 10 1 2 2
PowerPlay Forward
Center Left Wing Right Wing Time % Phy DF OF
1 Mikael Backlund Kenndal McArdle Branko Radivojevic 60 1 2 2
2 Tyler Brenner Dwight King Ryan Shannon 40 1 2 2
PowerPlay Defense
Defense Defense Time % Phy DF OF
1 Alexander Sulzer Shawn Belle 60 1 2 2
2 Davis Drewiske Kyle Wharton 40 1 2 2
Penalty Kill 4 Players Forward
Center Wing Time % Phy DF OF
1 Branko Radivojevic Mikael Backlund 60 1 2 2
2 Tyler Brenner Kenndal McArdle 40 1 2 2
Penalty Kill 4 Players Defense
Defense Defense Time % Phy DF OF
1 Alexander Sulzer Shawn Belle 60 1 2 2
2 Davis Drewiske Kyle Wharton 40 1 2 2
Penalty Kill - 3 Players Forward
Forward Time % Phy DF OF
1 Branko Radivojevic 60 1 2 2
2 Mikael Backlund 40 1 2 2
Penalty Kill - 3 Players Defense
Defense Defense Time % Phy DF OF
1 Alexander Sulzer Shawn Belle 60 1 2 2
2 Davis Drewiske Kyle Wharton 40 1 2 2
4 vs 4 Forward
Center Wing Time % Phy DF OF
1 Branko Radivojevic Mikael Backlund 60 1 2 2
2 Tyler Brenner Kenndal McArdle 40 1 2 2
4 vs 4 Defense
Defense Defense Time % Phy DF OF
1 Alexander Sulzer Shawn Belle 60 1 2 2
2 Davis Drewiske Kyle Wharton 40 1 2 2
Last Minutes Offensive
Center Left Wing Right Wing Defense Defense
Mikael Backlund Kenndal McArdle Branko Radivojevic Alexander Sulzer Shawn Belle
Last Minutes Defensive
Center Left Wing Right Wing Defense Defense
Mikael Backlund Kenndal McArdle Branko Radivojevic Alexander Sulzer Shawn Belle
Goaltenders
Starting : Sergei Bobrovsky
Backup : Jeremy Smith
Extra Forwards
Normal : Anthony Nigro, Mitch Callahan, Freddie Hamilton - PP : Anthony Nigro, Mitch Callahan - PK : Freddie Hamilton
Extra Defensemen
Normal : Mac Bennett, Fredrik Claesson, Roman Polak - PP : Mac Bennett - PK : Fredrik Claesson, Roman Polak
Penalty Shots
Branko Radivojevic, Mikael Backlund, Tyler Brenner, Kenndal McArdle, Dwight King
Scratches
Darren Kramer (Healthy), Mike Halmo (Healthy), Max McCormick (Healthy), Joseph Cramarossa (Healthy)
% Time on Ice - Knights
Lines # - Real PCT - Wanted PCT - Time Play
Normal Forward
1 - 34% - 40% - 14:42
2 - 25% - 30% - 10:52
3 - 24% - 20% - 10:20
4 - 16% - 10% - 7:03
Normal Defense
1 - 41% - 40% - 17:35
2 - 31% - 30% - 13:08
3 - 21% - 20% - 8:51
4 - 8% - 10% - 3:23
PP Forward
1 - 53% - 60% - 6:17
2 - 47% - 40% - 5:37
PP Defense
1 - 59% - 60% - 7:00
2 - 41% - 40% - 4:54
PK Forward
1 - 97% - 60% - 4:59
2 - 3% - 40% - 0:10
PK Defense
1 - 62% - 60% - 3:12
2 - 38% - 40% - 1:57
PK3 Forward
1 - 0% - 60%
2 - 0% - 40%
PK3 Defense
1 - 0% - 60%
2 - 0% - 40%
44 Forward
1 - 77% - 60% - 1:08
2 - 23% - 40% - 0:20
44 Defense
1 - 80% - 60% - 1:10
2 - 20% - 40% - 0:18
Last Minute Offensive - 0:00
Last Minute Defensive - 0:00
Total
Forward - 61:28
Defense - 61:28
|
% Time on Ice - Atomiques
Lines # - Real PCT - Wanted PCT - Time Play
Normal Forward
1 - 32% - 40% - 13:49
2 - 29% - 30% - 12:34
3 - 20% - 20% - 8:30
4 - 19% - 10% - 8:04
Normal Defense
1 - 41% - 40% - 17:30
2 - 28% - 30% - 12:02
3 - 22% - 20% - 9:34
4 - 9% - 10% - 3:51
PP Forward
1 - 60% - 60% - 3:05
2 - 40% - 40% - 2:04
PP Defense
1 - 45% - 60% - 2:19
2 - 55% - 40% - 2:50
PK Forward
1 - 75% - 60% - 8:58
2 - 25% - 40% - 2:56
PK Defense
1 - 57% - 60% - 6:46
2 - 43% - 40% - 5:08
PK3 Forward
1 - 0% - 60%
2 - 0% - 40%
PK3 Defense
1 - 0% - 60%
2 - 0% - 40%
44 Forward
1 - 77% - 60% - 1:08
2 - 23% - 40% - 0:20
44 Defense
1 - 60% - 60% - 0:53
2 - 40% - 40% - 0:35
Last Minute Offensive - 0:00
Last Minute Defensive - 0:00
Total
Forward - 61:28
Defense - 61:28
|
Play by Play
1st period
0:01 of 1st period - Mikael Backlund wins face-off versus Zack Hamill in neutral zone.
0:04 of 1st period - Marco Scandella is hit by Branko Radivojevic and loses puck.
1:12 of 1st period - Snap shot by Brett Sutter.
1:12 of 1st period - Deflect By John McCarthy.
1:12 of 1st period - Shot Blocked by Jared Spurgeon.
1:12 of 1st period - Puck is out of play.
1:13 of 1st period - Zack Hamill wins face-off versus Brett Sutter in Knights zone.
1:17 of 1st period - Off-side.
1:18 of 1st period - Kyle Clifford wins face-off versus Kenndal McArdle in neutral zone.
1:29 of 1st period - Snap shot by Branko Radivojevic.
1:29 of 1st period - Shot Misses the Net.
1:31 of 1st period - Backhand shot by Roman Polak.
1:31 of 1st period - Stopped by Ben Scrivens with a rebound.
1:33 of 1st period - Snap shot by Roman Polak.
1:33 of 1st period - Shot Misses the Net.
1:49 of 1st period - Wrist shot by Michael Raffl.
1:49 of 1st period - Shot Blocked by Ryan Shannon.
2:13 of 1st period - Wrist shot by A.J. Jenks.
2:13 of 1st period - Stopped by Sergei Bobrovsky with a rebound.
2:15 of 1st period - Slapshot by Linden Vey.
2:15 of 1st period - Shot Blocked by Dmitri Orlov.
2:58 of 1st period - Off-side.
2:59 of 1st period - Tyler Brenner wins face-off versus Joe Colborne in neutral zone.
3:02 of 1st period - Snap shot by Dwight King.
3:02 of 1st period - Shot Misses the Net.
3:24 of 1st period - Slapshot by A.J. Jenks.
3:24 of 1st period - Stopped by Sergei Bobrovsky without a rebound.
3:25 of 1st period - Alex Berry wins face-off versus Josh Bailey in Atomiques zone.
4:54 of 1st period - Icing by Tyler Brenner.
4:55 of 1st period - Tyler Brenner wins face-off versus Josh Bailey in Atomiques zone.
5:19 of 1st period - Off-side.
5:20 of 1st period - Zack Hamill wins face-off versus Marc-André Cliche in neutral zone.
5:45 of 1st period - Michael Raffl is hit by Ryan Shannon and loses puck.
6:07 of 1st period - Snap shot by John McCarthy.
6:07 of 1st period - Shot Misses the Net.
6:09 of 1st period - Snap shot by John McCarthy.
6:09 of 1st period - Shot Misses the Net.
6:11 of 1st period - Slapshot by Kyle Wharton.
6:11 of 1st period - Stopped by Ben Scrivens without a rebound.
6:12 of 1st period - Zack Hamill wins face-off versus Brett Sutter in Knights zone.
6:21 of 1st period - Wrist shot by Zack Hamill.
6:21 of 1st period - Stopped by Sergei Bobrovsky with a rebound.
7:56 of 1st period - Off-side.
7:57 of 1st period - Zack Hamill wins face-off versus Mikael Backlund in neutral zone.
8:08 of 1st period - Snap shot by Zack Hamill.
8:08 of 1st period - Goal by Zack Hamill - Knights : 1 - Atomiques : 0.
8:09 of 1st period - Zack Hamill wins face-off versus Mikael Backlund in neutral zone.
8:40 of 1st period - Wrist shot by Tyler Brenner.
8:40 of 1st period - Stopped by Ben Scrivens with a rebound.
8:42 of 1st period - Slapshot by Tyler Brenner.
8:42 of 1st period - Shot Misses the Net.
9:35 of 1st period - Joe Colborne is hit by Marc-André Cliche and loses puck.
10:10 of 1st period - Wrist shot by Ronalds Kenins.
10:10 of 1st period - Shot Misses the Net.
10:12 of 1st period - Snap shot by Cody Bass.
10:12 of 1st period - Stopped by Sergei Bobrovsky without a rebound.
10:13 of 1st period - Marc-André Cliche wins face-off versus Zack Hamill in Atomiques zone.
10:47 of 1st period - Slapshot by Dwight King.
10:47 of 1st period - Deflect By Tyler Brenner.
10:47 of 1st period - Goal by Tyler Brenner - Knights : 1 - Atomiques : 1.
10:48 of 1st period - Zack Hamill wins face-off versus Mikael Backlund in neutral zone.
12:08 of 1st period - Slapshot by Marco Scandella.
12:08 of 1st period - Shot Misses the Net.
12:35 of 1st period - Snap shot by Ryan Shannon.
12:35 of 1st period - Stopped by Ben Scrivens with a rebound.
12:37 of 1st period - Wrist shot by Ryan Shannon.
12:37 of 1st period - Shot Blocked by Jared Spurgeon.
12:39 of 1st period - Slapshot by Ryan Shannon.
12:39 of 1st period - Stopped by Ben Scrivens with a rebound.
12:54 of 1st period - Snap shot by Craig Adams.
12:54 of 1st period - Stopped by Sergei Bobrovsky with a rebound.
12:56 of 1st period - Snap shot by Craig Adams.
12:56 of 1st period - Goal by Craig Adams - Knights : 2 - Atomiques : 1.
12:57 of 1st period - Mikael Backlund wins face-off versus Zack Hamill in neutral zone.
13:10 of 1st period - Snap shot by Branko Radivojevic.
13:10 of 1st period - Shot Misses the Net.
14:06 of 1st period - Wrist shot by Michael Raffl.
14:06 of 1st period - Stopped by Sergei Bobrovsky with a rebound.
14:08 of 1st period - Minor Penalty to Davis Drewiske for Tripping.
14:09 of 1st period - Branko Radivojevic wins face-off versus Zack Hamill in Atomiques zone.
14:09 of 1st period - Branko Radivojevic is hit by Marco Scandella.
14:17 of 1st period - Marco Scandella is hit by Shawn Belle.
15:36 of 1st period - Mikael Backlund is hit by Kyle Clifford.
15:40 of 1st period - Mikael Backlund is hit by Kyle Clifford and loses puck.
15:55 of 1st period - Wrist shot by Marco Scandella.
15:55 of 1st period - Shot Misses the Net.
16:08 of 1st period - Penalty to Davis Drewiske is over, Davis Drewiske is back on ice.
17:03 of 1st period - Shawn Belle is hit by Cody Bass and loses puck.
17:22 of 1st period - Slapshot by Brett Sutter.
17:22 of 1st period - Stopped by Ben Scrivens with a rebound.
17:24 of 1st period - Slapshot by Alexander Sulzer.
17:24 of 1st period - Shot Blocked by Jared Spurgeon.
17:38 of 1st period - Mikael Backlund is hit by Kyle Clifford and loses puck.
17:45 of 1st period - Wrist shot by Zack Hamill.
17:45 of 1st period - Stopped by Sergei Bobrovsky without a rebound.
17:46 of 1st period - Tyler Brenner wins face-off versus Kyle Clifford in Atomiques zone.
18:01 of 1st period - Snap shot by Tyler Brenner.
18:01 of 1st period - Shot Misses the Net.
18:30 of 1st period - Wrist shot by Alex Berry.
18:30 of 1st period - Stopped by Ben Scrivens with a rebound.
18:32 of 1st period - Snap shot by Alex Berry.
18:32 of 1st period - Shot Blocked by Chris Thorburn.
18:40 of 1st period - Snap shot by Chris Thorburn.
18:40 of 1st period - Shot Misses the Net.
18:50 of 1st period - Minor Penalty to Andrew Kozek for Hooking.
18:51 of 1st period - Branko Radivojevic wins face-off versus Zack Hamill in Atomiques zone.
18:51 of 1st period - Branko Radivojevic is hit by Kyle Clifford.
19:30 of 1st period - Off-side.
19:31 of 1st period - Zack Hamill wins face-off versus Tyler Brenner in neutral zone.
19:34 of 1st period - Kenndal McArdle is hit by Craig Adams and loses puck.
19:45 of 1st period - Snap shot by Zack Hamill.
19:45 of 1st period - Stopped by Sergei Bobrovsky without a rebound.
19:46 of 1st period - Branko Radivojevic wins face-off versus Zack Hamill in Atomiques zone.
Goals for this period are 2 for Knights vs 1 for Atomiques.
Shots for this period are 10 for Knights vs 8 for Atomiques.
2nd period
0:01 of 2nd period - Zack Hamill wins face-off versus Branko Radivojevic in neutral zone.
0:26 of 2nd period - Branko Radivojevic is hit by Chris Thorburn and loses puck.
0:50 of 2nd period - Penalty to Andrew Kozek is over, Andrew Kozek is back on ice.
1:09 of 2nd period - Wrist shot by Marc-André Cliche.
1:09 of 2nd period - Stopped by Ben Scrivens with a rebound.
1:54 of 2nd period - Snap shot by Ryan Shannon.
1:54 of 2nd period - Stopped by Ben Scrivens without a rebound.
1:55 of 2nd period - Zack Hamill wins face-off versus Mikael Backlund in Knights zone.
2:00 of 2nd period - Kenndal McArdle is hit by Craig Adams and loses puck.
2:21 of 2nd period - Slapshot by Joe Colborne.
2:21 of 2nd period - Shot Blocked by Kenndal McArdle.
2:43 of 2nd period - Snap shot by Mikael Backlund.
2:43 of 2nd period - Shot Blocked by Scott Jackson.
2:45 of 2nd period - Snap shot by Branko Radivojevic.
2:45 of 2nd period - Stopped by Ben Scrivens without a rebound.
2:46 of 2nd period - Zack Hamill wins face-off versus Tyler Brenner in Knights zone.
2:55 of 2nd period - Snap shot by Ryan Shannon.
2:55 of 2nd period - Stopped by Ben Scrivens with a rebound.
2:57 of 2nd period - Snap shot by Alexander Sulzer.
2:57 of 2nd period - Shot Misses the Net.
2:59 of 2nd period - Slapshot by Alexander Sulzer.
2:59 of 2nd period - Stopped by Ben Scrivens without a rebound.
3:00 of 2nd period - Zack Hamill wins face-off versus Tyler Brenner in Knights zone.
3:51 of 2nd period - Snap shot by Josh Bailey.
3:51 of 2nd period - Shot Misses the Net.
3:57 of 2nd period - Slapshot by Marco Scandella.
3:57 of 2nd period - Deflect By Linden Vey.
3:57 of 2nd period - Shot Misses the Net.
3:57 of 2nd period - Puck is out of play.
3:58 of 2nd period - Josh Bailey wins face-off versus Mikael Backlund in Atomiques zone.
4:09 of 2nd period - Snap shot by Linden Vey.
4:09 of 2nd period - Deflect By A.J. Jenks.
4:09 of 2nd period - Deflect By Branko Radivojevic.
4:09 of 2nd period - Shot Misses the Net.
4:09 of 2nd period - Puck is out of play.
4:10 of 2nd period - Mikael Backlund wins face-off versus Josh Bailey in Atomiques zone.
4:15 of 2nd period - Snap shot by Linden Vey.
4:15 of 2nd period - Stopped by Sergei Bobrovsky without a rebound.
4:16 of 2nd period - Josh Bailey wins face-off versus Mikael Backlund in Atomiques zone.
4:19 of 2nd period - Slapshot by Josh Bailey.
4:19 of 2nd period - Stopped by Sergei Bobrovsky without a rebound.
4:20 of 2nd period - Josh Bailey wins face-off versus Mikael Backlund in Atomiques zone.
4:21 of 2nd period - Wrist shot by A.J. Jenks.
4:21 of 2nd period - Shot Blocked by Alexander Sulzer.
4:25 of 2nd period - Snap shot by Josh Bailey.
4:25 of 2nd period - Stopped by Sergei Bobrovsky without a rebound.
4:26 of 2nd period - Mikael Backlund wins face-off versus Zack Hamill in Atomiques zone.
4:39 of 2nd period - Snap shot by Zack Hamill.
4:39 of 2nd period - Stopped by Sergei Bobrovsky with a rebound.
4:41 of 2nd period - Wrist shot by Kyle Clifford.
4:41 of 2nd period - Shot Misses the Net.
5:03 of 2nd period - Snap shot by Joe Colborne.
5:03 of 2nd period - Stopped by Sergei Bobrovsky with a rebound.
5:13 of 2nd period - Alexander Sulzer is hit by Ronalds Kenins and loses puck.
5:20 of 2nd period - Snap shot by Mark Stone.
5:20 of 2nd period - Shot Misses the Net.
5:22 of 2nd period - Slapshot by Scott Jackson.
5:22 of 2nd period - Shot Misses the Net.
5:24 of 2nd period - Snap shot by Cody Bass.
5:24 of 2nd period - Stopped by Sergei Bobrovsky with a rebound.
5:26 of 2nd period - Snap shot by Mark Stone.
5:26 of 2nd period - Stopped by Sergei Bobrovsky with a rebound.
5:36 of 2nd period - Wrist shot by Kenndal McArdle.
5:36 of 2nd period - Shot Misses the Net.
5:42 of 2nd period - Dwight King is hit by A.J. Jenks and loses puck.
6:23 of 2nd period - Backhand shot by Chris Thorburn.
6:23 of 2nd period - Stopped by Sergei Bobrovsky without a rebound.
6:24 of 2nd period - Tyler Brenner wins face-off versus Kyle Clifford in Atomiques zone.
6:24 of 2nd period - Tyler Brenner is hit by Zack Hamill.
6:36 of 2nd period - Snap shot by Tyler Brenner.
6:36 of 2nd period - Stopped by Ben Scrivens with a rebound.
6:38 of 2nd period - Slapshot by Davis Drewiske.
6:38 of 2nd period - Stopped by Ben Scrivens with a rebound.
6:50 of 2nd period - Alex Berry is hit by A.J. Jenks and loses puck.
7:12 of 2nd period - Icing by Roman Polak.
7:13 of 2nd period - Joe Colborne wins face-off versus Brett Sutter in Atomiques zone.
7:15 of 2nd period - Minor Penalty to Joe Colborne for Holding.
7:16 of 2nd period - Craig Adams wins face-off versus Mikael Backlund in Knights zone.
9:15 of 2nd period - Penalty to Joe Colborne is over, Joe Colborne is back on ice.
9:40 of 2nd period - Snap shot by Chris Thorburn.
9:40 of 2nd period - Stopped by Sergei Bobrovsky with a rebound.
9:50 of 2nd period - Wrist shot by Chris Thorburn.
9:50 of 2nd period - Shot Blocked by Colby Cohen.
10:08 of 2nd period - Wrist shot by Josh Bailey.
10:08 of 2nd period - Shot Blocked by Marc-André Cliche.
10:14 of 2nd period - Linden Vey is hit by Marc-André Cliche.
10:28 of 2nd period - Wrist shot by Cody Bass.
10:28 of 2nd period - Shot Misses the Net.
10:30 of 2nd period - Wrist shot by Mark Stone.
10:30 of 2nd period - Shot Misses the Net.
11:57 of 2nd period - Slapshot by Brett Sutter.
11:57 of 2nd period - Stopped by Ben Scrivens with a rebound.
11:59 of 2nd period - Slapshot by Alexander Sulzer.
11:59 of 2nd period - Stopped by Ben Scrivens without a rebound.
12:00 of 2nd period - Josh Bailey wins face-off versus Tyler Brenner in Knights zone.
12:09 of 2nd period - Slapshot by Tyler Brenner.
12:09 of 2nd period - Shot Misses the Net.
12:24 of 2nd period - Off-side.
12:25 of 2nd period - Mikael Backlund wins face-off versus Cody Bass in neutral zone.
12:28 of 2nd period - Wrist shot by Branko Radivojevic.
12:28 of 2nd period - Stopped by Ben Scrivens without a rebound.
12:29 of 2nd period - Zack Hamill wins face-off versus Mikael Backlund in Knights zone.
12:38 of 2nd period - Wrist shot by Zack Hamill.
12:38 of 2nd period - Goal by Zack Hamill - Knights : 3 - Atomiques : 1.
12:39 of 2nd period - Mikael Backlund wins face-off versus Zack Hamill in neutral zone.
12:52 of 2nd period - Wrist shot by Branko Radivojevic.
12:52 of 2nd period - Stopped by Ben Scrivens with a rebound.
13:04 of 2nd period - Snap shot by Dwight King.
13:04 of 2nd period - Shot Misses the Net.
13:36 of 2nd period - Wrist shot by Chris Thorburn.
13:36 of 2nd period - Goal by Chris Thorburn - Knights : 4 - Atomiques : 1.
13:37 of 2nd period - Mikael Backlund wins face-off versus Zack Hamill in neutral zone.
13:43 of 2nd period - Minor Penalty to Craig Adams for High sticking.
13:44 of 2nd period - Mikael Backlund wins face-off versus Jonathan Huberdeau in Knights zone.
13:57 of 2nd period - Snap shot by Mikael Backlund.
13:57 of 2nd period - Deflect By Kenndal McArdle.
13:57 of 2nd period - Shot Blocked by Marco Scandella.
13:57 of 2nd period - Puck is out of play.
13:58 of 2nd period - Branko Radivojevic wins face-off versus Jonathan Huberdeau in Knights zone.
14:23 of 2nd period - Chris Thorburn is hit by Alexander Sulzer and loses puck.
14:30 of 2nd period - Slapshot by Ryan Shannon.
14:30 of 2nd period - Stopped by Ben Scrivens without a rebound.
14:31 of 2nd period - Mikael Backlund wins face-off versus Cody Bass in Knights zone.
14:32 of 2nd period - Wrist shot by Branko Radivojevic.
14:32 of 2nd period - Shot Misses the Net.
14:50 of 2nd period - Wrist shot by Dwight King.
14:50 of 2nd period - Stopped by Ben Scrivens with a rebound.
14:54 of 2nd period - Wrist shot by Dwight King.
14:54 of 2nd period - Goal by Dwight King - Knights : 4 - Atomiques : 2.
14:55 of 2nd period - Zack Hamill wins face-off versus Mikael Backlund in neutral zone.
15:04 of 2nd period - Slapshot by Craig Adams.
15:04 of 2nd period - Deflect By Zack Hamill.
15:04 of 2nd period - Shot Blocked by Alexander Sulzer.
15:04 of 2nd period - Puck is out of play.
15:05 of 2nd period - Mikael Backlund wins face-off versus Kyle Clifford in Atomiques zone.
15:34 of 2nd period - Off-side.
15:35 of 2nd period - Chris Thorburn wins face-off versus Tyler Brenner in neutral zone.
15:41 of 2nd period - Off-side.
15:42 of 2nd period - Joe Colborne wins face-off versus Ryan Shannon in neutral zone.
15:45 of 2nd period - Wrist shot by Chris Thorburn.
15:45 of 2nd period - Stopped by Sergei Bobrovsky with a rebound.
15:53 of 2nd period - Slapshot by Chris Thorburn.
15:53 of 2nd period - Goal by Chris Thorburn - Knights : 5 - Atomiques : 2.
15:53 of 2nd period - Jeremy Smith enters game.
15:54 of 2nd period - Mikael Backlund wins face-off versus Zack Hamill in neutral zone.
15:56 of 2nd period - Minor Penalty to Branko Radivojevic for Diving.
15:57 of 2nd period - Zack Hamill wins face-off versus Freddie Hamilton in Atomiques zone.
16:05 of 2nd period - Snap shot by Kyle Clifford.
16:05 of 2nd period - Stopped by Jeremy Smith with a rebound.
16:35 of 2nd period - Slapshot by Tomas Kundratek.
16:35 of 2nd period - Stopped by Jeremy Smith without a rebound.
16:36 of 2nd period - Freddie Hamilton wins face-off versus Joe Colborne in Atomiques zone.
16:44 of 2nd period - Snap shot by Nikita Nikitin.
16:44 of 2nd period - Shot Blocked by Andrew Kozek.
16:46 of 2nd period - Snap shot by Nikita Nikitin.
16:46 of 2nd period - Shot Misses the Net.
16:48 of 2nd period - Wrist shot by Nikita Nikitin.
16:48 of 2nd period - Shot Blocked by Davis Drewiske.
16:50 of 2nd period - Snap shot by Joe Colborne.
16:50 of 2nd period - Stopped by Jeremy Smith with a rebound.
17:00 of 2nd period - Davis Drewiske is hit by Zack Hamill and loses puck.
17:07 of 2nd period - Snap shot by Zack Hamill.
17:07 of 2nd period - Stopped by Jeremy Smith with a rebound.
17:56 of 2nd period - Penalty to Branko Radivojevic is over, Branko Radivojevic is back on ice.
18:12 of 2nd period - Snap shot by Ryan Shannon.
18:12 of 2nd period - Deflect By Nikita Nikitin.
18:12 of 2nd period - Stopped by Ben Scrivens with a rebound.
19:52 of 2nd period - Tyler Brenner is hit by Cody Bass and loses puck.
Goals for this period are 3 for Knights vs 1 for Atomiques.
Shots for this period are 17 for Knights vs 15 for Atomiques.
3rd period
0:01 of 3rd period - Zack Hamill wins face-off versus Mikael Backlund in neutral zone.
0:04 of 3rd period - Wrist shot by Marco Scandella.
0:04 of 3rd period - Shot Misses the Net.
0:16 of 3rd period - Slapshot by Alexander Sulzer.
0:16 of 3rd period - Stopped by Ben Scrivens with a rebound.
0:45 of 3rd period - Off-side.
0:46 of 3rd period - Josh Bailey wins face-off versus Marc-André Cliche in neutral zone.
0:51 of 3rd period - Snap shot by Josh Bailey.
0:51 of 3rd period - Shot Misses the Net.
0:53 of 3rd period - Slapshot by Nikita Nikitin.
0:53 of 3rd period - Shot Misses the Net.
0:59 of 3rd period - Wrist shot by A.J. Jenks.
0:59 of 3rd period - Shot Misses the Net.
1:01 of 3rd period - Snap shot by Linden Vey.
1:01 of 3rd period - Deflect By A.J. Jenks.
1:01 of 3rd period - Stopped by Jeremy Smith with a rebound.
1:17 of 3rd period - Slapshot by Davis Drewiske.
1:17 of 3rd period - Deflect By Mikael Backlund.
1:17 of 3rd period - Stopped by Ben Scrivens with a rebound.
1:37 of 3rd period - Snap shot by Chris Thorburn.
1:37 of 3rd period - Stopped by Jeremy Smith with a rebound.
1:39 of 3rd period - Slapshot by Joe Colborne.
1:39 of 3rd period - Shot Blocked by Tyler Brenner.
1:41 of 3rd period - Wrist shot by Michael Raffl.
1:41 of 3rd period - Stopped by Jeremy Smith without a rebound.
1:42 of 3rd period - Kyle Clifford wins face-off versus Mikael Backlund in Atomiques zone.
2:12 of 3rd period - Snap shot by Josh Bailey.
2:12 of 3rd period - Stopped by Jeremy Smith without a rebound.
2:13 of 3rd period - Josh Bailey wins face-off versus Tyler Brenner in Atomiques zone.
2:13 of 3rd period - Nikita Nikitin is hit by Tyler Brenner.
2:43 of 3rd period - Wrist shot by Brett Sutter.
2:43 of 3rd period - Stopped by Ben Scrivens without a rebound.
2:44 of 3rd period - Zack Hamill wins face-off versus Brett Sutter in Knights zone.
3:16 of 3rd period - Snap shot by Mikael Backlund.
3:16 of 3rd period - Shot Hit the Post.
3:18 of 3rd period - Wrist shot by Branko Radivojevic.
3:18 of 3rd period - Shot Misses the Net.
3:20 of 3rd period - Snap shot by Mikael Backlund.
3:20 of 3rd period - Stopped by Ben Scrivens without a rebound.
3:21 of 3rd period - Zack Hamill wins face-off versus Tyler Brenner in Knights zone.
3:21 of 3rd period - Zack Hamill is hit by Dwight King.
3:58 of 3rd period - Slapshot by Marc-André Cliche.
3:58 of 3rd period - Stopped by Ben Scrivens with a rebound.
4:10 of 3rd period - Wrist shot by Mikael Backlund.
4:10 of 3rd period - Shot Misses the Net.
4:12 of 3rd period - Wrist shot by Kenndal McArdle.
4:12 of 3rd period - Shot Blocked by Nikita Nikitin.
4:16 of 3rd period - Wrist shot by Mikael Backlund.
4:16 of 3rd period - Stopped by Ben Scrivens with a rebound.
4:18 of 3rd period - Snap shot by Kenndal McArdle.
4:18 of 3rd period - Shot Blocked by Nikita Nikitin.
4:20 of 3rd period - Wrist shot by Kenndal McArdle.
4:20 of 3rd period - Shot Misses the Net.
4:32 of 3rd period - Slapshot by Joe Colborne.
4:32 of 3rd period - Shot Misses the Net.
4:34 of 3rd period - Slapshot by Joe Colborne.
4:34 of 3rd period - Shot Misses the Net.
4:36 of 3rd period - Wrist shot by Joe Colborne.
4:36 of 3rd period - Shot Blocked by Shawn Belle.
5:10 of 3rd period - Alexander Sulzer is hit by A.J. Jenks and loses puck.
5:40 of 3rd period - Minor Penalty to Ryan Shannon for Tripping.
5:41 of 3rd period - Branko Radivojevic wins face-off versus Joe Colborne in Atomiques zone.
5:41 of 3rd period - Branko Radivojevic is hit by Tomas Kundratek.
6:16 of 3rd period - Slapshot by Joe Colborne.
6:16 of 3rd period - Shot Misses the Net.
6:28 of 3rd period - Slapshot by Marco Scandella.
6:28 of 3rd period - Stopped by Jeremy Smith with a rebound.
6:30 of 3rd period - Slapshot by Michael Raffl.
6:30 of 3rd period - Stopped by Jeremy Smith without a rebound.
6:31 of 3rd period - Zack Hamill wins face-off versus Tyler Brenner in Atomiques zone.
6:34 of 3rd period - Backhand shot by Zack Hamill.
6:34 of 3rd period - Shot Misses the Net.
6:36 of 3rd period - Wrist shot by Craig Adams.
6:36 of 3rd period - Stopped by Jeremy Smith with a rebound.
6:38 of 3rd period - Snap shot by Craig Adams.
6:38 of 3rd period - Shot Blocked by Alexander Sulzer.
6:40 of 3rd period - Wrist shot by Kyle Clifford.
6:40 of 3rd period - Stopped by Jeremy Smith with a rebound.
7:40 of 3rd period - Penalty to Ryan Shannon is over, Ryan Shannon is back on ice.
7:49 of 3rd period - Wrist shot by Linden Vey.
7:49 of 3rd period - Deflect By A.J. Jenks.
7:49 of 3rd period - Shot Misses the Net.
7:49 of 3rd period - Puck is out of play.
7:50 of 3rd period - Josh Bailey wins face-off versus Tyler Brenner in Atomiques zone.
8:05 of 3rd period - Snap shot by Josh Bailey.
8:05 of 3rd period - Deflect By Linden Vey.
8:05 of 3rd period - Shot Misses the Net.
8:05 of 3rd period - Puck is out of play.
8:06 of 3rd period - Cody Bass wins face-off versus Marc-André Cliche in Atomiques zone.
8:07 of 3rd period - Wrist shot by Ronalds Kenins.
8:07 of 3rd period - Deflect By Cody Bass.
8:07 of 3rd period - Shot Blocked by Alexander Sulzer.
8:07 of 3rd period - Puck is out of play.
8:08 of 3rd period - Marc-André Cliche wins face-off versus Cody Bass in Atomiques zone.
8:10 of 3rd period - Minor Penalty to Andrew Kozek for Boarding.
8:11 of 3rd period - Zack Hamill wins face-off versus Branko Radivojevic in Atomiques zone.
8:13 of 3rd period - Wrist shot by Zack Hamill.
8:13 of 3rd period - Shot Blocked by Branko Radivojevic.
10:10 of 3rd period - Penalty to Andrew Kozek is over, Andrew Kozek is back on ice.
10:45 of 3rd period - Wrist shot by Josh Bailey.
10:45 of 3rd period - Shot Misses the Net.
10:51 of 3rd period - Slapshot by Marco Scandella.
10:51 of 3rd period - Stopped by Jeremy Smith without a rebound.
10:52 of 3rd period - Cody Bass wins face-off versus Dwight King in Atomiques zone.
11:03 of 3rd period - Slapshot by Nikita Nikitin.
11:03 of 3rd period - Stopped by Jeremy Smith with a rebound.
11:05 of 3rd period - Slapshot by Nikita Nikitin.
11:05 of 3rd period - Shot Misses the Net.
11:09 of 3rd period - Snap shot by Ronalds Kenins.
11:09 of 3rd period - Stopped by Jeremy Smith with a rebound.
11:11 of 3rd period - Slapshot by Nikita Nikitin.
11:11 of 3rd period - Shot Misses the Net.
11:40 of 3rd period - Wrist shot by Ronalds Kenins.
11:40 of 3rd period - Stopped by Jeremy Smith with a rebound.
11:48 of 3rd period - Wrist shot by Cody Bass.
11:48 of 3rd period - Shot Blocked by Kyle Wharton.
11:50 of 3rd period - Snap shot by Zach Trotman.
11:50 of 3rd period - Shot Blocked by Kyle Wharton.
11:52 of 3rd period - Slapshot by Cody Bass.
11:52 of 3rd period - Deflect By Ronalds Kenins.
11:52 of 3rd period - Shot Misses the Net.
11:52 of 3rd period - Puck is out of play.
11:53 of 3rd period - Mikael Backlund wins face-off versus Zack Hamill in Atomiques zone.
12:16 of 3rd period - Minor Penalty to Craig Adams for Interference.
12:17 of 3rd period - Jonathan Huberdeau wins face-off versus Mikael Backlund in Knights zone.
12:26 of 3rd period - Slapshot by Shawn Belle.
12:26 of 3rd period - Stopped by Ben Scrivens with a rebound.
13:21 of 3rd period - Cody Bass is hit by Kenndal McArdle and loses puck.
13:57 of 3rd period - Snap shot by Dwight King.
13:57 of 3rd period - Stopped by Ben Scrivens with a rebound.
14:16 of 3rd period - Penalty to Craig Adams is over, Craig Adams is back on ice.
15:47 of 3rd period - Wrist shot by Cody Bass.
15:47 of 3rd period - Stopped by Jeremy Smith with a rebound.
15:58 of 3rd period - Minor Penalty to John McCarthy for Roughing.
15:59 of 3rd period - Craig Adams wins face-off versus Branko Radivojevic in Atomiques zone.
17:58 of 3rd period - Penalty to John McCarthy is over, John McCarthy is back on ice.
18:07 of 3rd period - Snap shot by John McCarthy.
18:07 of 3rd period - Goal by John McCarthy - Knights : 5 - Atomiques : 3.
18:08 of 3rd period - Andrew Kozek wins face-off versus Josh Bailey in neutral zone.
18:08 of 3rd period - Marc-André Cliche is hit by Josh Bailey.
18:10 of 3rd period - Snap shot by Andrew Kozek.
18:10 of 3rd period - Goal by Andrew Kozek - Knights : 5 - Atomiques : 4.
18:11 of 3rd period - Josh Bailey wins face-off versus Marc-André Cliche in neutral zone.
18:11 of 3rd period - Josh Bailey is hit by Alex Berry.
18:25 of 3rd period - Wrist shot by Andrew Kozek.
18:25 of 3rd period - Goal by Andrew Kozek - Knights : 5 - Atomiques : 5.
18:26 of 3rd period - Josh Bailey wins face-off versus Marc-André Cliche in neutral zone.
18:51 of 3rd period - Tomas Kundratek is hit by Branko Radivojevic and loses puck.
Goals for this period are 0 for Knights vs 3 for Atomiques.
Shots for this period are 13 for Knights vs 11 for Atomiques.
Overtime #1
0:01 of 1st overtime period - Craig Adams wins face-off versus Branko Radivojevic in neutral zone.
0:16 of 1st overtime period - Snap shot by Craig Adams.
0:16 of 1st overtime period - Shot Blocked by Branko Radivojevic.
0:25 of 1st overtime period - Icing by Shawn Belle.
0:26 of 1st overtime period - Craig Adams wins face-off versus Branko Radivojevic in Atomiques zone.
1:06 of 1st overtime period - Snap shot by Kyle Clifford.
1:06 of 1st overtime period - Shot Blocked by Kyle Wharton.
1:28 of 1st overtime period - Snap shot by Colton Gillies.
1:28 of 1st overtime period - Goal by Colton Gillies - Knights : 6 - Atomiques : 5.
Goals for this period are 1 for Knights vs 0 for Atomiques.
Shots for this period are 1 for Knights vs 0 for Atomiques.
Back to the Top